 Dungeon Crawl Stone Soup version 0.24.0-13-gcf9b319 (webtiles) character file.

Game seed: 12740933562575031258, levelgen mode: deterministic

15 CBukowski the Charmwright (level 2, -3/23 HPs)
             Began as a Merfolk Skald on Nov 11, 2019.
             Slain by an adder (4 damage)
             ... on level 1 of the Dungeon.
             The game lasted 00:02:15 (645 turns).

CBukowski the Charmwright (Merfolk Skald)            Turns: 645, Time: 00:02:16

Health: -3/23      AC:  4    Str: 11    XL:     2   Next: 50%
Magic:  3/5        EV: 12    Int: 12    God:
Gold:   26         SH:  0    Dex: 13    Spells: 4/5 levels left

rFire    . . .     SeeInvis .   a - +0 spear
rCold    . . .     Gourm    .   (no shield)
rNeg     . . .     Faith    .   b - +0 leather armour
rPois    .         Spirit   .   (no helmet)
rElec    .         Reflect  .   (no cloak)
rCorr    .         Harm     .   (no gloves)
MR       .....                  c - +0 pair of boots
Stlth    +.........             (no amulet)
HPRegen  0.07/turn              (no ring)
MPRegen  0.09/turn              (no ring)

@: lethally poisoned (-3 -> -7), infused
A: change form in water, swift swim, stealthy swim
a: no special abilities


You were on level 1 of the Dungeon.
You were not hungry.

You visited 1 branch of the dungeon, and saw 2 of its levels.

You collected 26 gold pieces.

Inventory:

Hand Weapons
 a - a +0 spear (weapon)
Missiles
 e - a throwing net (quivered)
Armour
 b - a +0 leather armour (worn)
 c - a +0 pair of boots (worn)
Scrolls
 i - a scroll of blinking {unknown}
 k - 2 scrolls of identify {unknown}
 n - a scroll of fog {unknown}
 o - a scroll of remove curse {unknown}
Potions
 f - a potion of lignification {unknown}
 g - a potion of curing {unknown}
 h - a potion of agility {unknown}
 j - a potion of ambrosia {unknown}
 l - a potion of invisibility {unknown}
 m - a potion of degeneration {unknown}
Comestibles
 d - 2 rations


   Skills:
 + Level 2.3 Fighting
 + Level 3.1 Polearms
 + Level 0.6 Armour
 + Level 3.1 Dodging
 + Level 2.2 Spellcasting
 + Level 3.5 Charms


You had 4 spell levels left.
You knew the following spells:

 Your Spells              Type           Power        Failure   Level  Hunger
a - Infusion              Chrm           #...         9%          1    ##.....

Your spell library contained the following spells:

 Spells                   Type           Power        Failure   Level  Hunger
 Song of Slaying          Chrm           #.......     12%         2    ###....
 Shroud of Golubria       Chrm/Tloc      #.....       26%         2    ###....
 Regeneration             Chrm/Necr      #.........   45%         3    ####...
 Spectral Weapon          Hex/Chrm       #.......     45%         3    ####...


Dungeon Overview and Level Annotations

Branches:
Dungeon (2/15)

Altars:


Message History

The adder is heavily wounded.
The bat hits you. The goblin hits you with a +0 dagger. The adder bites you.
The goblin barely misses you.
The giant cockroach bites you but does no damage.
The jackal bites you. The bat hits you.
* * * LOW HITPOINT WARNING * * *
The adder misses you. The giant cockroach closely misses you.
The goblin hits you with a +0 dagger.
* * * LOW HITPOINT WARNING * * *
The jackal barely misses you. The goblin hits you but does no damage.
The jackal barely misses you.
You climb upwards.
* * * LOW HITPOINT WARNING * * *
You feel sick.
There is a stone staircase leading down here.
The adder barely misses you. The goblin completely misses you.
The goblin hits you with a +0 dagger.
* * * LOW HITPOINT WARNING * * *
The adder bites you.
You die...

#.######..#..#.#
#.# #.....###.#
#.####.....# #.#
#.##.......# #.#
#.##.#.....# #.#
#.##.#.....# #.#
#h##.###.###
#.### #g##.###(#
##....
#@#...##.#
#.....
#Sgh.....#
#.####
###...#### #.# #
##.## ###.####
#.# #.....## #.#
#.###.#
#.######.# #.##
#........###...
########.....##


You could see an adder, 2 jackals and 2 goblins.

Vanquished Creatures
  A ball python (D:1)
  3 bats (D:1)
  2 goblins (D:1)
  3 hobgoblins (D:1)
  2 kobolds (D:1)
  2 rats (D:1)
13 creatures vanquished.

Notes
Turn   | Place    | Note
-------+----------+-------------------------------------------
     0 | D:1      | CBukowski the Merfolk Skald began the quest for the Orb.
     0 | D:1      | Reached XP level 1. HP: 16/16 MP: 3/3
   148 | D:1      | Reached XP level 2. HP: 23/23 MP: 5/5
   645 | D:1      | HP: 1/23 [goblin/+0 dagger (3)]
   645 | D:1      | Slain by an adder

Levels and vault maps discovered:
D:1:      dpeg_arrival_tiny_i, layout_loops_ring, chequers_serial_rivers_room_a
D:2:      layout_rooms, nicolae_dithmenos_through_a_glass_darkly

Skill      XL: |  1  2 |
---------------+-------+-----
Dodging        | 3 |  3.1
Fighting       | |  2.3
Polearms       | |  3.1
Armour         | |  0.6
Spellcasting   | |  2.2
Charms         | |  3.5

Action                   || total
-------------------------++-------
Melee: Spear             ||    49
 Cast: Infusion          ||     3
Armor: Leather armour    ||    18
Dodge: Dodged            ||    38
